Unix NetHack Version 5.0.0-0 post-release - last build Jul 19 2026 19:10:59 (3aa4ab31751d3886436d94b585a96704892fd477,branch:main).

Game began 2026-07-25 18:17:12, ended 2026-07-25 18:33:00.

Jinnora, lawful female human Archeologist

                                                                        ------
                                                  ------------          |....|
                                                  +....@B.....          |.<..|
                                                  |..........|          |..^.|
                                                  |..........|          .....|
                                                  ------------          ------

Jinnora the Digger         St:13 Dx:10 Co:14 In:18 Wi:11 Ch:10  Lawful
Dlvl:6  $:87 HP:0(17) Pw:8(8) AC:5  Xp:2/28 T:2345  Burdened

Latest messages:
 You swap places with your housecat.
 You find a spiked pit.
 The housecat picks up a thonged club.
 The housecat drops a thonged club.
 You have a little trouble lifting N - a studded leather armor.
 You swap places with your housecat.
 The housecat picks up a thonged club.
 The housecat drops a thonged club.
 You stop.  Your housecat is in the way!
 What do you want to drop? [$a-mpr-zA-CEH-KMN or ?*] N
 You drop a studded leather armor.
 The housecat picks up a thonged club.
 The housecat drops a thonged club.
 You see here a studded leather armor.
 You hear water falling on coins.
 You have a little trouble lifting N - a studded leather armor.
 What do you want to take off? [wK or ?*] ?
 You sure are noisy.
 You were wearing a +0 elven cloak.
 What do you want to take off? [bw or ?*] ?
 You were wearing an uncursed +0 leather jacket.
 What do you want to wear? [bKN or ?*] ?
 You finish your dressing maneuver.
 What do you want to wear? [K or ?*] K
 You move very quietly.
 You are now wearing an elven cloak.
 You swap places with your housecat.
 You hit the coyote.
 The coyote bites!
 You miss the coyote.
 The coyote bites!
 The coyote bites!
 You swap places with your housecat.
 You hear some noises.
 A trap door opens up under you!
 You see here an ornamental cope.
 You have a little trouble lifting O - an ornamental cope.
 You see here an unlabeled scroll.
 You have a little trouble lifting P - an unlabeled scroll.
 You hear someone cursing shoplifters.
 You see here 4 gold pieces.
 You have a little trouble lifting $ - 4 gold pieces (87 in total).
 You miss the giant bat.
 The giant bat bites!
 You miss the giant bat.
 The giant bat bites!
 The giant bat just misses!
 The giant bat bites!
 You die...
 Do you want your possessions identified? [ynq] (y) q

Inventory:
 Coins    ('$')
  $ - 87 gold pieces
 Weapons  (')')
  a - a blessed +2 bullwhip
  v - a cursed -1 silver saber
 Armor    ('[')
  c - an uncursed +0 fedora
  w - an uncursed +0 orcish helm (being worn)
  O - an uncursed +0 cloak of magic resistance
  K - an uncursed +0 elven cloak (being worn)
  b - an uncursed +0 leather jacket
  N - an uncursed +0 studded leather armor (being worn)
 Comestibles  ('%')
  m - 2 cursed slime molds
  d - 5 uncursed food rations
  I - an uncursed pancake
  x - 3 uncursed lichen corpses
 Scrolls  ('?')
  P - a cursed scroll of blank paper
  M - an uncursed scroll of remove curse
  B - 2 uncursed scrolls of scare monster
 Potions  ('!')
  H - an uncursed potion of blindness
  l - 2 uncursed potions of extra healing
  r - a cursed potion of fruit juice
  E - a blessed potion of healing
  p - 3 uncursed potions of healing
  J - an uncursed potion of sleeping
  y - an uncursed potion of speed
 Rings    ('=')
  C - an uncursed ring of searching
 Wands    ('/')
  s - an uncursed wand of lightning (0:5)
  t - an uncursed wand of sleep (0:3)
 Tools    ('(')
  h - an empty uncursed sack
  i - an uncursed magic marker (0:19)
  e - an uncursed +0 pick-axe
  k - an uncursed skeleton key
  j - a cursed partly used tallow candle
  f - an uncursed tinning kit (0:46)
 Gems/Stones  ('*')
  u - an uncursed worthless piece of blue glass
  A - a cursed worthless piece of violet glass
  z - an uncursed worthless piece of yellow glass
  g - an uncursed touchstone

Jinnora the Archeologist's attributes:

Background:
 You were a Digger, a level 2 female human Archeologist.
 You were lawful, on a mission for Quetzalcoatl
 who was opposed by Camaxtli (neutral) and Huhetotl (chaotic).
 You were right-handed.
 You were in the Dungeons of Doom, on level 6.
 You entered the dungeon 2345 turns ago.
 You had 28 experience points, 12 more were needed to attain level 3.

Basics:
 You had 0 out of 17 hit points.
 You had all 8 energy points (spell power).
 Your armor class was 5.
 Your wallet contained 87 zorkmids.
 Autopickup was off.

Final Characteristics:
 Your strength was 13 (limit:18/100).
 Your dexterity was 10 (limit:18).
 Your constitution was 14 (limit:18).
 Your intelligence was 18 (limit:18).
 Your wisdom was 11 (limit:18).
 Your charisma was 10 (limit:18).

Final Status:
 You weren't hungry.
 You were burdened; movement was slightly slowed.
 You were bare handed.
 You were unskilled in bare handed combat.

Final Attributes:
 You were piously aligned.
 You had automatic searching.
 You were stealthy.
 You were warded.
 You are dead.

Miscellaneous:
 You didn't encounter any bones levels.
 Total elapsed playing time was 15 minutes and 47 seconds.

Major events:
 Turn
    1: Jinnora the lawful female human Archeologist entered the dungeon
  355: entered the Gnomish Mines
 2345: killed by a giant bat

Spells:
 Name                 Level Category     Fail Retention
 levitation             4   escape       100%  76%-100%
 extra healing          3   healing      100%  76%-100%

Skills:
 Fighting Skills
   bare handed combat [Unskilled]
   two weapon combat  [Unskilled]
   riding             [Unskilled]
 Weapon Skills
   dagger             [Unskilled]
   knife              [Unskilled]
   pick-axe           [Basic]
   short sword        [Unskilled]
   saber              [Unskilled]
   club               [Unskilled]
   quarterstaff       [Unskilled]
   sling              [Unskilled]
   dart               [Unskilled]
   boomerang          [Unskilled]
   whip               [Basic]
   unicorn horn       [Unskilled]
 Spellcasting Skills
   attack spells      [Unskilled]
   healing spells     [Unskilled]
   divination spells  [Unskilled]
   matter spells      [Unskilled]

Voluntary challenges:
 Character rerolling was not enabled.
 You never genocided any monsters.
 You never polymorphed an object.
 You never changed form.
 You used no wishes.
Achievements:
 You entered the Gnomish Mines.
 You entered a shop.

 The Dungeons of Doom: levels 1 to 6
    Level 1:
    Level 2:
       Some fountains, a sink.
       Stairs down to The Gnomish Mines.
    Level 3:
       A general store.
    Level 4:
       A general store, a fountain.
    Level 5:
       Many fountains.
       Oracle of Delphi.
    Level 6: <- You were here.
       Final resting place for
          you, killed by a giant bat.
 The Gnomish Mines:
    Level 3:


Vanquished creatures:
  a homunculus
 an iguana
  a coyote
  a hobgoblin
  2 giant rats
  a brown mold
  a yellow mold
  a gnome
  a gecko
  4 jackals
  3 foxes
  a kobold
  3 goblins
  a sewer rat
  7 grid bugs
  6 lichens
  a kobold zombie
  2 newts
38 creatures vanquished.

No species were genocided or became extinct.

Game over:
                       ----------
                      /          \
                     /    REST    \
                    /      IN      \
                   /     PEACE      \
                  /                  \
                  |     Jinnora      |
                  |      87 Au       |
                  |   killed by a    |
                  |    giant bat     |
                  |                  |
                  |                  |
                  |       2026       |
                 *|     *  *  *      | *
        _________)/\\_//(\/(/\)/\//\/|_)_______

Goodbye Jinnora the Archeologist...

You died in The Dungeons of Doom on dungeon level 6 with 461 points,
and 87 pieces of gold, after 2345 moves.
You were level 2 with a maximum of 17 hit points when you died.

